 Dungeon Crawl Stone Soup version 0.30.1-9-gdf580d7c3d (webtiles) character file.

Game seed: 14744547296271265099

111 lonewolfV2 the Shield-Bearer (level 5, -1/42 HPs)
             Began as a Formicid Fighter on Sept 27, 2023.
             Killed from afar by Ijyb (21 damage)
             ... with a bolt of acid
             ... on level 3 of the Dungeon.
             The game lasted 00:02:36 (2114 turns).

lonewolfV2 the Shield-Bearer (Formicid Fighter)     Turns: 2114, Time: 00:02:37

Health: -1/42      AC:  7    Str: 20    XL:     5   Next: 15%
Magic:  5/5        EV:  9    Int:  8    God:
Gold:   141        SH:  6    Dex: 15    Spells: 4/4 levels left

rFire   . . .        a - +0 war axe
rCold   . . .        c - +1 buckler
rNeg    . . .        b - +0 scale mail
rPois   .            (helmet unavailable)
rElec   .            (no cloak)
rCorr   .            (no gloves)
SInv    +            (no boots)
Will    .....        (no amulet) Stlth
                     (no ring)
HPRegen 0.27/turn    (no ring)
MPRegen 0.09/turn

%: no passive effects
@: no status effects
A: permanent stasis, dig shafts and tunnels, antennae 3, four strong arms
a: Dig, Shaft Self


You were on level 3 of the Dungeon.
You visited 1 branch of the dungeon, and saw 3 of its levels.

You collected 141 gold pieces.

Inventory:

Hand Weapons
 a - a +0 war axe (weapon)
Armour
 b - a +0 scale mail (worn)
 c - a +1 buckler (worn)
Jewellery
 e - an amulet of regeneration
 f - a ring of magical power
Scrolls
 g - a scroll of amnesia
 j - a scroll of magic mapping
Potions
 d - a potion of might
 h - a potion of berserk rage {unknown}
 i - 3 potions of mutation {unknown}
 k - a potion of brilliance {unknown}
 l - 3 potions of flight {unknown}
 n - a potion of attraction {unknown}
 o - a potion of curing {unknown}


   Skills:
 + Level 4.0 Fighting
 + Level 3.1 Axes
 + Level 4.0 Armour
 + Level 0.4 Dodging
 + Level 4.8 Shields


You had 4 spell levels left.
You didn't know any spells.
Your spell library was empty.

Dungeon Overview and Level Annotations

Branches:
Dungeon (3/15)

Altars:

Annotations:
D:3 Ijyb


Innate Abilities, Weirdness & Mutations

You cannot be hasted, slowed, berserked, paralysed or teleported.
You can dig through walls and to a lower floor.
You have a pair of large antennae on your head. (SInv)
Your four strong arms can wield two-handed weapons with a shield.


Message History

You start waiting.
Done waiting.
You start waiting.
Done waiting.
There is a stone staircase leading down here.
You climb downwards.
There is a stone staircase leading up, spattered with blood here.
You now have 134 gold pieces (gained 2).
g - a scroll of amnesia
j - a scroll of magic mapping You now have 141 gold pieces (gained 7).
Found a plate armour.
Ijyb and a kobold come into view.
Ijyb is wielding a +0 club and carrying a wand of acid (9).
Ijyb shouts!
Ijyb hits the plant with a +0 club.
The plant begins to die.
There are monsters nearby!
There are monsters nearby!
Ijyb hits the plant with a +0 club.
Ijyb hits the plant with a +0 club.
Something hits the plant!
A nearby plant withers and dies.
A bat comes into view.
The bat moves out of view.
You enter the shallow water.
Moving in this stuff is going to be slow.
The kobold hits you but does no damage.
Ijyb zaps a wand.
The bolt of acid misses you. You block the kobold's attack.
The bat hits you but does no damage. The kobold misses you.
You barely miss the kobold. You hit the bat.
You kill the bat!
The kobold completely misses you.
You hit the kobold but do no damage. The kobold hits you but does no damage.
Ijyb zaps a wand.
The bolt of acid hits you!!
You barely miss the kobold. The kobold closely misses you.
Ijyb zaps a wand.
The bolt of acid misses you. The kobold hits you with a +0 club.
You closely miss the kobold.
Ijyb zaps a wand.
The bolt of acid hits you!!
Ouch! That really hurt!
You die...

,,,,,,* **** *****,***
##~~* *,,,*** ##≈~####
*,*,.,**#≈≈*#[.#
*,**#.,##≈≈~#..#
*,**...#≈≈≈##..#
**,,,.~.≈≈≈≈~...#
****,,,,~~≈g≈≈~~~..#
,**,,,,,~~≈≈≈~.~@..#
,,,,,,~,~~≈~~~~.K..#
,,~,~,,~~≈≈~....##.#
~,~~~~~~≈≈P~...###.#
~~~~~~~~~P~~P.#*#..#
~~~~~~~~~~.P..* #.##
~~~~~~~~.~...#* #.#
~~~~~,~,~..#.* #.#
~~,,,,,~,,#..####.#####


You could see Ijyb and a kobold.

Vanquished Creatures
  Robin (D:2)
  3 adders (D:2)
  4 ball pythons (D:2)
  5 endoplasms
  3 giant cockroaches (D:2)
  13 goblins
  8 hobgoblins
  6 jackals
  5 quokkas
  5 bats
  4 frilled lizards
  2 kobolds
  4 rats
63 creatures vanquished.

Notes
Turn   | Place    | Note
-------+----------+-------------------------------------------
     0 | D:1      | lonewolfV2 the Formicid Fighter began the quest for the
                  | Orb.
     0 | D:1      | Reached XP level 1. HP: 18/18 MP: 1/1
    93 | D:1      | Reached XP level 2. HP: 24/24 MP: 2/2
   345 | D:1      | Reached XP level 3. HP: 29/29 MP: 3/3
   841 | D:2      | Reached XP level 4. HP: 34/37 MP: 4/4
  1004 | D:2      | Found a faded altar of an unknown god.
  1370 | D:2      | Noticed Robin
  1388 | D:2      | Killed Robin
  1389 | D:2      | Reached XP level 5. HP: 26/42 MP: 5/5
  2102 | D:3      | Noticed Ijyb
  2114 | D:3      | Killed from afar by Ijyb

Illustrated notes

Levels and vault maps discovered:
D:1:      amcnicky_arrival_single_pillar, layout_basic
D:2:      layout_rooms, nicolae_ecumenical_snake_handling, uniq_robin
D:3:      layout_loops_cross, chequers_big_river, uniq_ijyb

Skill      XL: |  1  2  3  4 |
---------------+-------------+-----
Fighting       | 4 |  4.0
Axes           | 3 |  3.1
Armour         | 4 |  4.0
Dodging        | |  0.4
Shields        | |  4.8

Action                     |  1- 3 |  4- 6 || total
---------------------------+-------+-------++-------
  Melee: War axe           |    83 |    63 ||   146
    Use: Scroll            |       |     6 ||     6
 Armour: Scale mail        |    47 |    54 ||   101
  Dodge: Dodged            |    50 |    45 ||    95
  Block: Buckler           |    23 |    34 ||    57
